 Dungeon Crawl Stone Soup version 0.21-a0-150-gc243083 (webtiles) character file.

43 p0werm0de the Slasher (level 3, -2/28 HPs)
             Began as a Vampire Chaos Knight on July 26, 2017.
             Slain by Robin the orc (shapeshifter) (4 damage)
             ... on level 2 of the Dungeon.
             The game lasted 00:02:04 (475 turns).

p0werm0de the Slasher (Vampire Chaos Knight)         Turns: 475, Time: 00:02:05

Health: -2/28      AC:  6    Str: 17    XL:     3   Next: 37%
Magic:  3/3        EV: 12    Int: 14    God:    Xom [*.....]
Gold:   67         SH:  0    Dex: 13    Spells: 2/2 levels left

rFire    . . .     SeeInvis +   a - +0 falchion (chaos)
rCold    + . .     Gourm    .   (no shield)
rNeg     . . .     Faith    .   b - +2 leather armour
rPois    .         Spirit   .   (no helmet)
rElec    +         Reflect  .   (no cloak)
rCorr    .         Harm     .   (no gloves)
MR       .....                  (no boots)
Stlth    ++........             (no amulet)
HPRegen  0.29/turn              c - ring of protection from cold
MPRegen  0.08/turn              (no ring)

@: mighty, regenerating quickly
A: fangs 3, rugged brown scales 1, see invisible, electricity resistance,
unbreathing, no potion heal 1
a: Renounce Religion


You were on level 2 of the Dungeon.
You worshipped Xom.
You were a special plaything of Xom.
You were full.

You visited 1 branch of the dungeon, and saw 2 of its levels.

You collected 67 gold pieces.

Inventory:

Hand Weapons
 a - a +0 falchion of chaos (weapon)
Missiles
 h - 42 stones (quivered)
Armour
 b - a +2 leather armour (worn)
Jewellery
 c - a ring of protection from cold (left hand)
Scrolls
 d - a scroll of identify {unknown}
 e - a scroll of random uselessness {unknown}
Potions
 f - 2 potions of blood


   Skills:
 - Level 2.6 Fighting
 * Level 4.1 Long Blades
 - Level 0.7 Armour
 - Level 2.1 Dodging
 + Level 2.4 Stealth


You had 2 spell levels left.
You didn't know any spells.

Dungeon Overview and Level Annotations

Branches:
Dungeon (2/15)

Altars:

Annotations:
D:2 Robin


Innate Abilities, Weirdness & Mutations

Your natural rate of healing is unusually fast.
You have razor-sharp teeth.
You have supernaturally acute eyesight. (SInv)
You can survive without breathing.
You are partially covered in rugged brown scales. (AC +1, +3% HP)
You are resistant to electric shocks. (rElec)
Potions are less effective at restoring your health.


Message History

The hobgoblin closely misses you.
You closely miss the hobgoblin. You bite the hobgoblin.
You kill the hobgoblin!
The helpless Robin fails to defend herself.
You hit Robin.
Robin changes into a river rat!
Robin is lightly wounded.
Robin the river rat changes into an orc!
You slash Robin!
Robin is almost dead.
Your trail of clouds dissipates.
Robin hits you.
* * * LOW HITPOINT WARNING * * *
You barely miss Robin.
Robin is almost dead.
Robin misses you.
You closely miss Robin.
Robin is almost dead.
Robin hits you.
You die... "This toy is broken."

#......# .. #......# ...
#......########....
#.................. ##
#............##.... ..#
#.....)####.###.... ########.#
###.()..)()........
.........#####..).######.######.
...........#..ยง@o## #.g#
#..............#.# .....
#.............##.# ....).
.......)......##.## .g.......
#.................# ..gg.....
#.................# ...g.g....
#.................#
####..............#
#..##..........##


You could see Robin the orc shaped shifter.

Vanquished Creatures
  A dart slug (D:1)
  2 leopard geckos (D:2)
  A giant cockroach (D:2)
  9 goblins
  7 hobgoblins
  3 kobolds
  A quokka (D:2)
  4 bats
  A frilled lizard (D:2)
  5 rats (D:1)
34 creatures vanquished.

Notes
Turn   | Place    | Note
-------+----------+-------------------------------------------
     0 | D:1      | p0werm0de the Vampire Chaos Knight began the quest for the Orb.
     0 | D:1      | Reached XP level 1. HP: 17/17 MP: 1/1
    56 | D:1      | XOM: harmless Summ miscast
   194 | D:1      | XOM: harmless Ice miscast
   222 | D:1      | XOM: god gift: short jewelled staff {god gift}
   273 | D:1      | Reached XP level 2. HP: 19/23 MP: 2/2
   299 | D:1      | Reached skill level 1 in Stealth
   338 | D:2      | XOM: confusion (+ monsters)
   357 | D:2      | XOM: butterfly on damage
   396 | D:2      | XOM: god gift: 35 gold pieces
   400 | D:2      | XOM: cloud trail
   411 | D:2      | Noticed Robin
   418 | D:2      | Reached skill level 2 in Stealth
   429 | D:2      | Reached XP level 3. HP: 28/28 MP: 3/3
   448 | D:2      | Reached skill level 4 in Long Blades
   453 | D:2      | HP: 2/28 [goblin/club[Robin] (4)]
   454 | D:2      | Gained mutation: You are resistant to electric shocks. (rElec) [potion of mutation]
   454 | D:2      | Gained mutation: Potions are less effective at restoring your health. [potion of mutation]
   454 | D:2      | Gained mutation: You are partially covered in rugged brown scales. (AC +1, +3% HP) [potion of mutation]
   460 | D:2      | XOM: noise
   466 | D:2      | XOM: harmless Summ miscast
   472 | D:2      | Robin changed into Robin the river rat
   473 | D:2      | HP: 2/28 [Robin the orc (shapeshifter) (4)]
   475 | D:2      | Slain by Robin the orc (shapeshifter)

Vault maps used:
D:1:      minmay_arrival_open_corners
D:2:      nicolae_overflow_hidden_temple, uniq_robin

Skill      XL: |  1  2  3 |
---------------+----------+-----
Stealth        | 2 |  2.4
Long Blades    | 4 |  4.1
Fighting       | |  2.6
Armour         | |  0.7
Dodging        | |  2.1

Action                   || total
-------------------------++-------
Melee: Falchion          ||    88
       Bite              ||     6
  Use: Potion            ||     5
 Stab: Paralysed         ||     1
       Sleeping          ||     1
       Petrified         ||     5
  Eat: Corpse            ||     2
Armor: Leather armour    ||    27
Dodge: Dodged            ||    69
       Rpst.: Falchion   ||    14
